 Dungeon Crawl Stone Soup version 0.29-a0-834-g1e95ca9f62 (webtiles) character file.

Game seed: 13946586420511118102

474 RevDB the Insei (level 6, 0/52 HPs)
             Began as a Draconian Transmuter on July 12, 2022.
             Was an Initiate of Qazlal.
             Slain by a phantom (5 damage)
             ... on level 4 of the Dungeon.
             The game lasted 00:31:29 (3177 turns).

RevDB the Insei (Draconian Transmuter)              Turns: 3177, Time: 00:31:33

Health: 0/52       AC:  7    Str: 12    XL:     6   Next: 84%
Magic:  8/9        EV: 13    Int: 14    God:    Qazlal [......]
Gold:   223        SH:  0    Dex: 13    Spells: 6/9 levels left

rFire   + . .      SeeInvis +     - Unarmed
rCold   . . .      Faith    .   (no shield)
rNeg    . . .      Spirit   .   (body armour unavailable)
rPois   .          Reflect  .   (helmet currently unavailable)
rElec   .          Harm     .   (no cloak)
rCorr   .          Rampage  .   s - +0 pair of gloves
Will    .....                   (boots currently unavailable)
Stlth   +.........              (no amulet)
HPRegen 0.17/turn               f - ring of protection from fire
MPRegen 0.11/turn               r - ring of see invisible

@: appendages
A: horns 2, talons 2, AC +6, unfitting armour, cold-blooded
a: End Transformation, Renounce Religion


You were on level 4 of the Dungeon.
You worshipped Qazlal.
Qazlal was noncommittal.
You had temporarily grown beastly horns and talons.
You visited 2 branches of the dungeon, and saw 6 of its levels.

You collected 223 gold pieces.

Inventory:

Missiles
 j - 51 stones
Armour
 o - a +0 pair of boots (melded)
 s - a +0 pair of gloves (worn)
Magical Staves
 w - a staff of earth
Jewellery
 f - a ring of protection from fire (left hand)
 r - a ring of see invisible (right hand)
Scrolls
 b - 2 scrolls of brand weapon
 e - a scroll of immolation
 g - 4 scrolls of teleportation
 i - 2 scrolls of enchant weapon
 l - a scroll of vulnerability {unknown}
 m - a scroll of silence {unknown}
 t - a scroll of noise {unknown}
 u - a scroll of amnesia {unknown}
 v - 3 scrolls of fog {unknown}
Potions
 a - a potion of lignification
 c - 4 potions of curing {unknown}
 d - 2 potions of heal wounds
 h - 2 potions of mutation
 k - a potion of resistance {unknown}
 n - a potion of berserk rage {unknown}
 p - a potion of degeneration {unknown}
 q - a potion of attraction {unknown}


   Skills:
 - Level 4.0 Fighting
 - Level 4.0 Dodging
 - Level 5.0 Unarmed Combat
 - Level 2.0 Spellcasting
 + Level 3.2 Transmutations


You had 6 spell levels left.
You knew the following spells:

 Your Spells              Type           Power      Damage    Failure   Level
a - Beastly Appendage     Tmut           20%        N/A       6%          1
b - Wereblood             Tmut           10%        N/A       10%         2

Your spell library contained the following spells:

 Spells                   Type           Power      Damage    Failure   Level
 Passwall                 Tmut/Erth      4%         N/A       19%         2
 Sandblast                Erth           2%         2d4       24%         1
 Slow                     Hex            4%         N/A       24%         1
 Scorch                   Fire           2%         2d5       34%         2
 Spider Form              Tmut/Pois      5%         N/A       36%         3
 Confusing Touch          Hex            1%         N/A       56%         3
 Stone Arrow              Conj/Erth      2%         3d7       56%         3
 Vampiric Draining        Necr           1%         2d6       56%         3
 Ice Form                 Ice/Tmut       5%         N/A       77%         4
 Flame Wave               Conj/Fire      1%         2d4       93%         4
 Summon Cactus Giant      Summ           0%         N/A       100%        6


Dungeon Overview and Level Annotations

Branches:
Dungeon (5/15)             Temple (1/1) D:4

Altars:
Ashenzari
Cheibriados
Dithmenos
Elyvilon
Fedhas
Gozag
Hepliaklqana
Kikubaaqudgha
Makhleb
Okawaru
Qazlal
Trog
Uskayaw
Xom
The Shining One

Shops:
D:2 *

Annotations:
D:5 Eustachio


Innate Abilities, Weirdness & Mutations

You have temporarily grown beastly horns and talons.
Your plain brown scales are hard. (AC +6)
You cannot fit into any form of body armour.
You are cold-blooded and may be slowed by cold attacks.


Message History

The orc is severely wounded.
You hit the orc.
You feel a bit better.
You kill the orc!
Qazlal accepts your kill. The orc priest barely misses you.
The phantom misses you. The orc priest hits you with a +0 whip.
Items here: $ ) [ †.
The orc priest hits you but does no damage.
The orc priest attacks as you move away!
The orc priest barely misses you.
Your primal bloodlust has ended.
There is a stone staircase leading up here.
The orc priest closely misses you.
The phantom hits you but does no damage.
You climb upwards.
There is a stone staircase leading down here.
Casting: Wereblood (safe; 10% risk of failure)
Confirm with . or Enter, or press ? or * to list all spells.
You grow a pair of large bovine horns.
Your feet morph into talons.
Your +0 pair of boots melds into your body.
The orc priest barely misses you.
The phantom hits you but does no damage.
You hit the orc priest.
The orc priest is severely wounded.
The orc priest hits you with a +0 whip.
* * * LOW HITPOINT WARNING * * *
The phantom hits you.
* * * LOW HITPOINT WARNING * * *
You closely miss the orc priest. Your kick misses the orc priest.
Your headbutt misses the orc priest.
The orc priest is severely wounded.
The orc priest completely misses you. The phantom closely misses you.
You closely miss the orc priest. Your kick misses the orc priest.
Your headbutt misses the orc priest.
You tail-slap the orc priest, but do no damage.
The orc priest is severely wounded.
The orc priest hits you with a +0 whip.
* * * LOW HITPOINT WARNING * * *
The phantom hits you.
You die...

...## ############.........
....#########....................
....#........................###.
......#####..................###.
....#######......................
..............................##.
........###.................#....
.................W..........####.
........##...<.o@...........##...
........###.#..................#.
###.##### #...................##.
..#.# #####.#................
..#.# ########.#.#.#...###......
.<..####........#.#..............
##..##...######...#.#.#.###......
#.....##### #.###.#...# ##.####
##.........####.........# ##.# #.


You could see a phantom and an orc priest.

Vanquished Creatures
  A scorpion (D:5)
  2 hounds (D:4)
  3 orc priests (D:4)
  Jessica (D:3)
  Natasha (thrice) (D:2)
  4 gnolls (D:3)
  3 adders
  2 worms (D:2)
  2 dart slugs
  6 orcs
  5 ball pythons
  7 bats
  9 endoplasms
  2 giant cockroaches
  6 hobgoblins
  6 jackals
  7 kobolds
  5 quokkas
  3 frilled lizards (D:1)
  12 goblins
  6 rats
95 creatures vanquished.

Notes
Turn   | Place    | Note
-------+----------+-------------------------------------------
     0 | D:1      | RevDB the Draconian Transmuter began the quest for the Orb.
     0 | D:1      | Reached XP level 1. HP: 16/16 MP: 3/3
   207 | D:1      | Reached XP level 2. HP: 18/24 MP: 3/5
   473 | D:1      | Learned a level 2 spell: Wereblood
   523 | D:1      | Reached XP level 3. HP: 26/29 MP: 2/6
   769 | D:1      | Reached skill level 4 in Unarmed Combat
   904 | D:2      | Noticed Natasha
   911 | D:2      | Killed Natasha
  1018 | D:2      | Reached XP level 4. HP: 33/36 MP: 7/7
  1446 | D:2      | Noticed Natasha
  1459 | D:2      | Killed Natasha
  1464 | D:2      | Found Apsiytit's Assorted Antiques.
  1612 | D:2      | Noticed Natasha
  1624 | D:2      | Killed Natasha
  1625 | D:2      | Reached XP level 5. HP: 27/41 MP: 8/8
  1676 | D:3      | Noticed Jessica
  1681 | D:3      | Killed Jessica
  1740 | D:3      | Reached skill level 5 in Unarmed Combat
  2117 | D:3      | Found a faded altar of an unknown god.
  2362 | D:4      | Reached XP level 6. HP: 40/48 MP: 7/9
  2467 | D:4      | Found a staircase to the Ecumenical Temple.
  2473 | Temple   | Entered the Ecumenical Temple
  2682 | Temple   | Became a worshipper of Qazlal Stormbringer
  3121 | D:5      | Entered Level 5 of the Dungeon
  3121 | D:5      | Noticed Eustachio
  3177 | D:4      | Slain by a phantom

Illustrated notes

Levels and vault maps discovered:
D:1:      dpeg_arrival_three_same_balls, layout_loops_ring,
          corexii_corridor_pit, nicolae_concentric_dashed_squares_wild
D:2:      layout_rooms, serial_shops, shop, uniq_natasha
D:3:      layout_basic, shapermc_ecumenical_altar_ellora, uniq_jessica
D:4:      layout_rooms, temple_statues
D:5:      layout_loops_cross, mainiacjoe_overflow_tiny_flanked,
          kennysheep_mini_moat, uniq_eustachio, uniq_edmund, uniq_ijyb
Temple:   mainiacjoe_temple_cubbyholes

Skill      XL: |  1  2  3  4  5  6 |
---------------+-------------------+-----
Dodging        | 2 3 4 |  4.0
Fighting       | 2 4 |  4.0
Unarmed Combat | 4 5 |  5.0
Transmutations | 3 |  3.2
Spellcasting   | |  2.0

Action                   |  1- 3 |  4- 6 || total
-------------------------+-------+-------++-------
Melee: Unarmed           |    99 |   175 ||   274
       Tailslap          |     8 |    18 ||    26
       Kick              |    16 |    33 ||    49
       Headbutt          |     7 |    26 ||    33
       Punch             |       |     5 ||     5
 Cast: Beastly Appendage |    14 |    22 ||    36
       Wereblood         |     2 |    10 ||    12
  Use: Scroll            |       |     6 ||     6
 Stab: Sleeping          |     1 |       ||     1
Armor: Skin              |    35 |    49 ||    84
Dodge: Dodged            |    71 |   128 ||   199

Table legend: (Time is in decaauts)
 A = Elapsed time spent in this place.
 B = Non-inter-level travel time spent in this place.
 C = Inter-level travel time spent in this place.
 D = Time resting spent in this place.
 E = Time spent auto-exploring this place.
 F = Levels seen in this place.
 G = Mean time per level.
                   A        B        C        D        E       F      G
               +--------+--------+--------+--------+--------+-----+--------+
         Total |   3164 |   2938 |    226 |     96 |    656 |   6 |  527.3 |
       Dungeon |   2890 |   2727 |    163 |     96 |    656 |   5 |  578.0 |
        Temple |    273 |    210 |     63 |      0 |      0 |   1 |  273.0 |
               +--------+--------+--------+--------+--------+-----+--------+

Top non-repeatable levels by time:
     D:1: 1037 daAuts
     D:3: 722 daAuts
     D:2: 603 daAuts
     D:4: 497 daAuts
  Temple: 273 daAuts
     D:5: 29 daAuts
